Map: Ulrena

Players

zerico - Winner!

  • Race: Zerg Zerg
  • League: Gold

ImmortalZodd

  • Race: Zerg Zerg
  • League: Silver

VOD

Have the link to the VOD?

Description

Time

  • Played on: Jan. 29, 2016, 1:46 a.m.
  • Length: 7:50
Show
View Real Time Build Order
Export as new Build Order

zerico Zerg - Winner!

Build Orders: Pool First 

Get SALT Encoding   

  12  0:07  Overlord  
  13  0:14  Drone  
  13  0:17  Drone  
  14  0:27  Drone  
  15  0:32  Extractor  
  14  0:47  Spawning Pool  
  13  0:52  Drone  
  13  0:56  Drone  
  15  1:05  Drone  
  15  1:11  Drone  
  18  1:26  Drone  
  18  1:33  Queen  
  18  1:36  Metabolic Boost  
  20  1:47  Drone  
  20  1:49  Evolution Chamber, Drone  
  21  2:13  Hatchery  
  20  2:22  Zergling x4  
  22  2:33  Zerg Melee Weapons Level 1  
  22  2:36  Overlord  
  22  2:41  Overlord  
  22  2:56  Zergling x2  
  22  2:57  Zergling x6  
  26  3:06  Baneling Nest  
  26  3:09  Zergling x2  
  26  3:22  Drone  
  27  3:34  Zergling x6  
  27  3:35  Zergling x4  
  29  3:52  Baneling  
  29  3:53  Baneling  
  29  4:00  Drone, Zergling x8  
  32  4:05  Zergling x2  
  33  4:19  Zergling x8  
  36  4:31  Zergling x4  
  38  4:42  Baneling  
  38  4:47  Zergling x6  
  38  4:49  Zergling x2  
  38  4:51  Queen  
  43  5:09  Overlord x3  
  31  5:23  Zergling x10  
  35  5:38  Zergling x8  
  36  5:50  Zergling x6  
  36  5:54  Zergling x2  
  35  6:07  Zergling x4  
  33  6:13  Zergling x2  
  32  6:22  Zergling x4  
  34  6:28  Zergling x2  
  34  6:37  Zergling x4  
  35  6:44  Zergling x2  
  33  6:50  Zergling x2  
  33  7:01  Zergling x4  
  31  7:12  Zergling x4  
  28  7:26  Zergling x2  
  28  7:27  Zergling x4  
Show
View Real Time Build Order
Export as new Build Order

ImmortalZodd Zerg 

Build Orders: Pool First, Zergling Baneling 

Get SALT Encoding   

  12  0:02  Drone  
  13  0:08  Drone  
  14  0:17  Overlord  
  14  0:29  Drone, Extractor  
  14  0:35  Drone  
  15  0:36  Drone  
  16  0:50  Spawning Pool  
  16  0:54  Drone  
  16  0:59  Drone  
  16  1:08  Drone  
  17  1:18  Drone  
  18  1:35  Drone  
  18  1:37  Hatchery  
  18  1:47  Zergling x2  
  18  1:50  Drone  
  18  1:53  Metabolic Boost  
  20  2:01  Drone  
  21  2:11  Overlord  
  21  2:22  Baneling Nest, Queen  
  22  2:26  Evolution Chamber  
  22  2:27  Drone  
  22  2:33  Zergling x2  
  23  2:45  Zergling x2  
  24  2:56  Zergling x4  
  26  3:02  Queen  
  26  3:03  Drone  
  29  3:08  Zergling x2  
  29  3:11  Zergling x2  
  31  3:14  Zerg Melee Weapons Level 1  
  31  3:16  Baneling x3  
  31  3:20  Drone  
  31  3:21  Drone  
  33  3:29  Drone  
  32  3:50  Zergling x4  
  32  3:51  Zergling x2  
  35  3:59  Zergling x2  
  35  4:00  Zergling x2  
  35  4:05  Zergling x2  
  35  4:06  Overlord x2  
  34  4:20  Zergling x6  
  33  4:26  Zergling x2  
  34  4:36  Zergling x4  
  36  4:42  Zergling x2  
  37  4:45  Baneling x2  
  37  4:46  Baneling x7  
  37  4:47  Baneling  
  37  4:48  Zergling x2  
  37  4:51  Zergling x2  
  39  4:58  Zergling x2  
  40  5:00  Zergling x6  
  39  5:24  Zergling x2  
  39  5:25  Zergling x10  
  42  5:40  Zergling x4  
  39  5:46  Zergling x2  
  34  5:58  Zergling x6  
  36  6:07  Zergling x2  
  32  6:13  Zergling x2  
  32  6:16  Zergling x2  
  32  6:19  Zergling x4  
  32  6:20  Zergling x6  
  32  6:23  Zergling x4  
  37  6:29  Zergling x2  
  28  6:46  Zergling x6  
  29  6:48  Baneling x4  
  29  6:49  Baneling  
  29  6:52  Zergling x2  
  27  6:55  Zergling x2  
  27  7:02  Zergling x2  
  27  7:07  Zergling x2  
  24  7:17  Zergling x4  
  24  7:24  Zergling x2  
Tags
 
Add a new tag
Caveats
  • Supply blocks, unpowered buildings, or Contaminate may cause inaccurate times.
  • Supply counts are checked every 10 seconds.